 Dungeon Crawl Stone Soup version 0.27.1-34-g3ba077fa99 (webtiles) character file.

Game seed: 11161750011787546625

202546 sankara the Brawler (level 17, 0/174 (192) HPs)
             Began as a Grey Draconian Transmuter on Jan 28, 2022.
             Was the Champion of Ru.
             Killed from afar by Frances (23 damage)
             ... with an iron shot
             ... on level 2 of the Shoals.
             The game lasted 02:16:18 (41067 turns).

sankara the Brawler (Grey Draconian Transmuter)    Turns: 41067, Time: 02:16:19

HP:   0/174 (192)   AC: 28    Str: 16    XL:     17   Next: 95%
MP:   5/26          EV: 16    Int: 18    God:    Ru [******]
Gold: 2364          SH:  0    Dex: 13    Spells: 0/28 levels left

rFire    + . .     SeeInvis .     - Unarmed
rCold    + . .     Faith    .   (shield unavailable)
rNeg     + . .     Spirit   .   (armour unavailable)
rPois    ∞         Reflect  .   H - +0 hat "Cuess" {Rampage Int+4 Dex-4}
rElec    +         Harm     .   Z - +1 cloak {rCorr}
rCorr    +         Rampage  +   (gloves currently unavailable)
Will     +....                  (boots currently unavailable)
Stlth    ++........             O - amulet of Wu Jian's Wrath {rF+ Regen+ Dex+2}
HPRegen  1.39/turn              (ring unavailable)
MPRegen  0.20/turn              K - ring of protection from cold

@: exhausted, about to teleport, statue-form, marked, unable to drink, drained,
very slow
A: slow and powerful, torment resistance 1, boosted hp, no potions, AC +14,
amphibious, unfitting armour, cold-blooded, inability to drink while threatened,
missing a hand, no conjurations magic, no fire magic, no hexes magic, unskilled
1, evolution 1
}: 1/15 runes: gossamer
a: End Transformation, Renounce Religion, Draw Out Power, Power Leap, Apocalypse


You were on level 2 of the Shoals.
You worshipped Ru.
Ru was exalted by your worship.
You were a living statue of rough stone.
You visited 6 branches of the dungeon, and saw 30 of its levels.
You also visited: Gauntlet and Ice Cave.

You collected 3522 gold pieces.
You spent 1158 gold pieces at shops.

Inventory:

Missiles
 k - 457 sling bullets
 w - 98 poisoned darts (quivered)
 y - 61 boomerangs
 z - 13 curare-tipped darts
 A - 19 throwing nets
 G - 13 boomerangs of dispersal
 L - 8 silver boomerangs
Armour
 s - a +0 pair of gloves (melded)
 H - the +0 hat "Cuess" (worn) {Rampage Int+4 Dex-4}
   (You found it in a Gauntlet)

   Int:       It affects your intelligence (+4).
   Dex:       It affects your dexterity (-4).
   Rampage:   It bestows one free step when moving towards enemies.
 J - a +1 pair of boots (melded)
 Z - a +1 cloak of preservation (worn)
Jewellery
 a - the ring "Necull" {rN+ Str+5}
   (You found it on level 12 of the Dungeon)

   [ring of positive energy]

   Str:       It affects your strength (+5).
   rN:        It protects you from negative energy.
 b - a ring of resist corrosion
 i - the ring of Giafedd {+Blink Fly rF- Int-4 SInv}
   (You found it on level 12 of the Dungeon)

   [ring of flight]

   Int:       It affects your intelligence (-4).
   rF:        It makes you vulnerable to fire.
   SInv:      It lets you see invisible.
   Fly:       It grants you flight.
   +Blink:    It lets you blink.
 K - a ring of protection from cold (right fist)
 O - the amulet of Wu Jian's Wrath (around neck) {rF+ Regen+ Dex+2}
   (You found it in a Gauntlet)

   [amulet of regeneration]

   Dex:       It affects your dexterity (+2).
   rF:        It protects you from fire.
   Regen:     It increases your rate of health regeneration.
Wands
 o - a wand of paralysis (17)
 p - a wand of iceblast (28)
 q - a wand of charming (29)
 v - a wand of polymorph (4)
 x - a wand of digging (14)
 R - a wand of mindburst (16)
 S - a wand of flame (97)
Scrolls
 c - 4 scrolls of summoning
 e - 4 scrolls of fog
 j - 3 scrolls of amnesia
 r - 9 scrolls of teleportation
 B - a scroll of holy word {unknown}
 C - 20 scrolls of identify
 I - 7 scrolls of enchant weapon
 M - a scroll of blinking
 P - a scroll of magic mapping
 X - a scroll of silence
 Y - 3 scrolls of fear
Potions
 d - 5 potions of brilliance
 f - 3 potions of cancellation
 g - 2 potions of attraction
 h - 8 potions of heal wounds
 l - a potion of berserk rage
 m - 3 potions of invisibility
 n - 17 potions of curing
 t - 2 potions of flight
 u - 3 potions of lignification
 D - 4 potions of haste
 E - 2 potions of resistance
 N - 2 potions of magic
 V - 6 potions of might
Miscellaneous
 F - a piece from Xom's chessboard (15/15)
 T - a condenser vane
 U - a phial of floods


   Skills:
 + Level 12.9 Fighting
 - Level 9.0 Dodging
 - Level 7.0 Stealth
 + Level 16.5 Unarmed Combat
 - Level 6.0 Spellcasting
 + Level 14.6 Transmutations
 - Level 4.0 Ice Magic
 - Level 12.0 Earth Magic
 - Level 3.0 Poison Magic


You couldn't memorise any spells.
You knew the following spells:

 Your Spells              Type           Power      Damage    Failure   Level
a - Dragon Form           Tmut           27%        N/A       26%         7
b - Wereblood             Tmut           55%        N/A       1%          2
c - Spider Form           Tmut/Pois      18%        N/A       1%          3
d - Statue Form           Tmut/Erth      34%        N/A       8%          6
e - Ice Form              Ice/Tmut       38%        N/A       2%          4
f - Petrify               Tmut/Erth      52%        N/A       1%          4
g - Passwall              Tmut/Erth      43%        N/A       1%          2

Your spell library contained the following spells:

 Spells                   Type           Power      Damage    Failure   Level
 Beastly Appendage        Tmut           100%       N/A       1%          1
 Sandblast                Erth           96%        2d20      1%          1
 Sting                    Tmut/Pois      100%       1d8       1%          1
 Blade Hands              Tmut           27%        N/A       1%          5
 Freeze                   Ice            76%        1d9       2%          1
 Lee's Rapid Deconstruct  Erth           24%        3d14*     2%          5
 Poisonous Vapours        Pois/Air       20%        N/A       10%         2
 Animate Skeleton         Necr           10%        N/A       12%         1
 Pain                     Necr           20%        1d5       12%         1
 Corpse Rot               Necr/Air       N/A        N/A       19%         2
 Sublimation of Blood     Necr           2%         N/A       19%         2
 Call Canine Familiar     Summ           5%         N/A       34%         3
 Swiftness                Air            5%         N/A       34%         3
 Vampiric Draining        Necr           2%         2d6       34%         3
 Olgreb's Toxic Radiance  Pois           16%        N/A       34%         4
 Airstrike                Air            2%         N/A       75%         4
 Animate Dead             Necr           2%         N/A       75%         4
 Dispel Undead            Necr           5%         3d7       75%         4
 Agony                    Necr           5%         N/A       97%         5
 Simulacrum               Ice/Necr       6%         N/A       100%        6
 Haunt                    Necr/Summ      2%         N/A       100%        7
 Borgnjor's Revivificati  Necr           2%         N/A       100%        8
 Infestation              Necr           2%         N/A       100%        8
 Leda's Liquefaction      Hex/Erth       Unusable   N/A       N/A         4
 Magic Dart               Conj           Unusable   1d4       N/A         1
 Shock                    Conj/Air       Unusable   1d4       N/A         1
 Irradiate                Conj/Tmut      Unusable   3d19      N/A         5
 Searing Ray              Conj           Unusable   3d3       N/A         2
 Slow                     Hex            Unusable   N/A       N/A         2
 Confusing Touch          Hex            Unusable   N/A       N/A         3
 Dazzling Flash           Conj/Hex       Unusable   N/A       N/A         3
 Inner Flame              Hex/Fire       Unusable   N/A       N/A         3
 Portal Projectile        Hex/Tloc       Unusable   N/A       N/A         3
 Hailstorm                Conj/Ice       Unusable   3d5       N/A         4
 Cause Fear               Hex            Unusable   N/A       N/A         4
 Fulminant Prism          Conj/Hex       Unusable   3d6       N/A         4
 Silence                  Hex/Air        Unusable   N/A       N/A         5
 Discord                  Hex            Unusable   N/A       N/A         8

Dungeon Overview and Level Annotations

Branches:
Dungeon (15/15)            Temple (1/1) D:7            Lair (6/6) D:11
 Shoals (2/4) Lair:3       Spider (4/4) Lair:4        Slime (0/5) Lair:6
    Orc (2/2) D:10            Elf (0/3) Orc:2        Vaults (0/5) D:13
 Depths (0/5) D:15          IceCv (visited)         Gauntlet (visited)

Altars:
Ashenzari
Cheibriados
Dithmenos
Elyvilon
Fedhas
Gozag
Hepliaklqana
Kikubaaqudgha
Makhleb
Nemelex Xobeh
Okawaru
Qazlal
Ru
Sif Muna
Trog
Uskayaw
Vehumet
Wu Jian
Xom
Yredelemnul
Zin
The Shining One

Shops:
D:2 !   D:6 *   D:9 :*   D:14 :   Orc:2 !*[=(

Annotations:
D:15 1 runed translucent door, exclusion: orange crystal statue
Shoals:2 Frances, Ilsuiw


Innate Abilities, Weirdness & Mutations

You are a living statue of rough stone.
Your actions are slow, but your melee attacks are powerful.
You are resistant to unholy torment.
Your maximum health is greatly increased.
You are immune to poison.
Your equipment is partially melded.
You cannot drink.
((Your dull iron-grey scales are very hard. (AC +14)))
You are amphibious.
You cannot fit into any form of body armour.
You are cold-blooded and may be slowed by cold attacks.
You sometimes lose the ability to drink potions when taking damage.
You are missing a hand.
You cannot study or cast Conjurations magic.
You cannot study or cast Fire magic.
You cannot study or cast Hexes magic.
You are somewhat unskilled. (-1 Apt)
You evolve.


Message History

The harpy barely misses you. x2; The harpy closely misses you.
The harpy claws you. The harpy claws you! The harpy barely misses you.
The harpy claws you but does no damage. x2
The merfolk hits you from afar with a +0 trident.
The merfolk impaler barely misses you. The harpy claws you but does no damage.
The harpy barely misses you. The harpy claws you.
The harpy completely misses you.
The harpy is stunned by your conviction and fails to attack.
The merfolk impaler hits you but does no damage.
The merfolk impaler hits you from afar with a +2 demon trident of electrocution!
* * * LOW HITPOINT WARNING * * *
Frances chants phrases taken from a devil's mouth.
Frances seems to speed up.
The merfolk hits you from afar with a +0 trident!
* * * LOW HITPOINT WARNING * * *
The harpy is stunned by your conviction and fails to attack.
Unknown command.
Your unstable footing causes you to fumble your attack.
The harpy claws you!
* * * LOW HITPOINT WARNING * * *
The harpy closely misses you.
You redirect the harpy's attack!
The harpy claws the snapping turtle.
The harpy claws the snapping turtle!
The harpy completely misses you.
The harpy claws you but does no damage. x2
The harpy closely misses you. The harpy misses you.
The harpy barely misses you. The harpy claws you!
* * * LOW HITPOINT WARNING * * *
The harpy claws you but does no damage.
The harpy is stunned by your conviction and fails to attack.
A merfolk siren comes into view. It is wielding a +2 vorpal trident.
The merfolk impaler hits you but does no damage.
The merfolk impaler hits you from afar with a +2 demon trident of electrocution.
* * * LOW HITPOINT WARNING * * *
The harpy claws you.
* * * LOW HITPOINT WARNING * * *
The harpy claws you but does no damage.
The snapping turtle bites you but does no damage.
Frances chants phrases taken from a devil's mouth.
The iron shot hits you!!
You die...

...... #<..≈P≈≈≈≈≈≈
......# #...≈PP≈≈≈P≈ c##
#....###...≈≈≈P≈≈≈≈ ..m#
##.m......≈≈≈≈..≈≈P
..m.##.m).....≈P≈..#.≈≈.
≈≈..Smm$.....≈≈≈..##....
.≈..mmmEm.†..≈≈.≈≈......
.....tHHH≈≈≈≈≈≈≈≈≈.....#
..E...@8H≈≈≈≈≈≈≈≈≈≈...##
>......≈≈††≈≈≈≈≈≈≈≈≈^.#
####..≈≈≈≈≈≈≈≈≈≈≈≈≈≈≈...
##.≈≈≈≈≈≈≈≈≈≈≈≈≈≈≈...
#...≈≈≈≈≈≈≈≈≈≈≈≈≈≈≈≈.
#....≈≈≈≈≈≈≈≈≈≈≈≈≈≈≈≈≈
.....≈≈≈≈≈≈≈≈≈≈≈≈≈≈≈≈≈≈
.....≈≈≈≈≈≈≈≈≈≈≈≈ ≈≈≈ ≈≈


You could see Ilsuiw, Frances (fast, slow), 2 merfolk impalers, a sea snake, a
snapping turtle, 4 merfolk, a faun, 2 water elementals, 3 merfolk sirens and 4
harpies.

Vanquished Creatures
  A storm dragon (D:15)
  The ghost of Kefanin the Geomancer, an adept GrEE of Vehumet (D:15)
  An orc warlord (Orc:2)
  5 ghost moths
  5 emperor scorpions
  2 spark wasps (Spider:4)
  A minotaur (Gauntlet)
  A bunyip (shapeshifter) (D:15)
  2 entropy weavers (Spider:3)
  A fire dragon (Lair:5)
  An ettin (D:15)
  The ghost of Jeban the Spear-Bearer, a journeyman OpFi of Gozag (Lair:5)
  Erolcha (Orc:2)
  2 ogre magi
  8 hydras
  5 centaur warriors
  9 boulder beetles
  A catoblepas (D:13)
  9 two-headed ogres
  Erica (Orc:1)
  An alligator snapping turtle (Shoals:1)
  9 death yaks
  Urug (D:10)
  4 orc high priests (Orc:2)
  5 spriggan berserkers (D:14)
  A goliath frog (Lair:6)
  2 sea snakes (Shoals:1)
  4 skeletal warriors
  A deep elf archer (D:13)
  2 deep trolls (D:15)
  6 orc knights
  5 harpies (Shoals:2)
  2 deep elf zephyrmancers (D:13)
  A wizard (D:15)
  2 necromancers
  2 lindwurms
  3 deep elf pyromancers
  6 cyclopes
  4 oklob plants
  4 orc sorcerers
  12 wolf spiders
  10 slime creatures
  11 fauns (Shoals:1)
  29 ugly things
  23 orb spiders
  9 manticores
  A black mamba (shapeshifter) (D:13)
  6 moths of wrath
  2 black mambas
  Joseph (D:8)
  9 torpor snails
  9 elephants
  An ice statue (IceCv)
  A gargoyle (D:11)
  Maggie (D:8)
  7 merfolk sirens
  12 rime drakes
  19 cane toads
  A kobold demonologist (D:9)
  2 efreet
  An unseen horror (D:12)
  2 anaconda simulacra (IceCv)
  8 komodo dragons
  2 freezing wraiths (IceCv)
  An entropy weaver simulacrum (IceCv)
  A yaktaur (D:15)
  6 demonic crawlers
  12 ice devils (IceCv)
  A tengu conjurer (D:14)
  4 trolls
  28 jumping spiders
  2 hornets
  9 merfolk
  Prince Ribbit (Lair:1)
  2 tyrant leeches (Lair:6)
  A wind drake (Shoals:1)
  26 blink frogs
  19 dream sheep
  2 snapping turtles
  61 redbacks
  A wraith (D:10)
  3 dire elephant simulacra (IceCv)
  30 tarantellas
  2 water elementals
  3 wyverns
  2 vampires
  3 basilisks
  39 yaks
  23 vampire mosquitoes
  13 steam dragons
  A death yak simulacrum (IceCv)
  2 harpy simulacra (IceCv)
  3 wargs
  14 water moccasins
  2 acid dragons
  37 orc warriors
  2 sky beasts
  A black bear (Lair:1)
  14 ogres
  A boggart (D:13)
  A wolf (D:9)
  14 centaurs
  14 kobold brigands
  14 bullfrogs
  4 earth elementals (D:13)
  4 cane toad simulacra (IceCv)
  10 gnoll sergeants
  2 scorpions (D:5)
  A wyvern skeleton (D:7)
  5 killer bees
  15 wights
  4 elephant simulacra (IceCv)
  3 vampire bats (D:3)
  4 electric eels
  A bullfrog zombie (D:5)
  5 centaur zombies
  8 hounds
  6 centaur skeletons
  A jelly (D:8)
  14 orc priests
  4 gnoll shamans
  7 iguanas
  24 orc wizards
  2 troll simulacra (IceCv)
  15 hell rats
  7 polar bear simulacra (IceCv)
  A spriggan simulacrum (IceCv)
  4 wolf simulacra (IceCv)
  A howler monkey zombie (D:9)
  43 gnolls
  5 adders
  A naga simulacrum (IceCv)
  8 river rats
  2 shadow imps (D:5)
  2 white imps
  An ufetubus (IceCv)
  2 dart slugs (D:1)
  69 orcs
  5 endoplasms
  5 giant cockroaches
  6 goblins
  7 hobgoblins
  12 jackals
  25 kobolds
  4 quokkas
  4 ball pythons
  15 bats
  3 frilled lizards
  21 rats
  A bush (Lair:5)
1110 creatures vanquished.

Vanquished Creatures (others)
  A sea snake (Shoals:2)
  A deep elf pyromancer (D:12)
  2 wolf spiders
  A raiju (Gauntlet)
  4 tarantellas
  A wraith (D:11)
  2 yaks (Lair:6)
  A redback (Spider:3)
  A black bear (Lair:4)
  2 bullfrogs
  A wight (D:8)
  3 orcs
  A quokka (D:15)
  2 kobolds
  A bush (Lair:5)
  47 fungi
  156 plants
227 creatures vanquished.

Grand Total: 1337 creatures vanquished

Notes
Turn   | Place    | Note
-------+----------+-------------------------------------------
     0 | D:1      | sankara the Draconian Transmuter began the quest for the
                  | Orb.
     0 | D:1      | Reached XP level 1. HP: 16/16 MP: 3/3
   156 | D:1      | Reached XP level 2. HP: 23/23 MP: 3/5
   159 | D:1      | Learned a level 2 spell: Wereblood
   767 | D:1      | Reached XP level 3. HP: 28/28 MP: 4/6
   871 | D:1      | Learned a level 3 spell: Swiftness
  1000 | D:2      | Found a faded altar of an unknown god.
  1223 | D:2      | Found Ercheowom's Distillery.
  2214 | D:2      | Reached skill level 5 in Fighting
  2214 | D:2      | Reached skill level 6 in Unarmed Combat
  2214 | D:2      | Reached XP level 4. HP: 44/44 MP: 6/9
  2219 | D:2      | Learned a level 3 spell: Spider Form
  2258 | D:3      | Reached XP level 5. HP: 48/50 MP: 7/10
  2392 | D:3      | Found a sacrificial altar of Ru.
  2402 | D:3      | Became a worshipper of Ru the Awakened
  2792 | D:3      | Found a radiant altar of Vehumet.
  2904 | D:3      | Reached skill level 1 in Poison Magic
  2935 | D:3      | Reached XP level 6. HP: 57/57 MP: 4/12
  3367 | D:3      | Found a snail-covered altar of Cheibriados.
  3970 | D:3      | Learned a level 4 spell: Ice Form
  4177 | D:4      | Gained mutation: You are missing a hand. [Ru sacrifice]
  4177 | D:4      | Reached * piety under Ru
  4177 | D:4      | Reached ** piety under Ru
  4177 | D:4      | Reached *** piety under Ru
  5163 | D:5      | Entered Level 5 of the Dungeon
  5308 | D:5      | Your scales start taking on a dull iron-grey colour.
  5308 | D:5      | Reached XP level 7. HP: 53/63 MP: 9/13
  5841 | D:5      | Reached skill level 7 in Unarmed Combat
  6344 | D:5      | Found a sparkling altar of Nemelex Xobeh.
  6405 | D:6      | Reached XP level 8. HP: 17/70 MP: 11/14
  7549 | D:6      | Found Muosexzage's Gadget Gallery.
  7690 | D:6      | Reached skill level 8 in Unarmed Combat
  8190 | D:7      | Gained mutation: You sometimes lose the ability to drink
                  | potions when taking damage. [Ru sacrifice]
  8190 | D:7      | Reached **** piety under Ru
  8214 | D:7      | Found a staircase to the Ecumenical Temple.
  8233 | Temple   | Entered the Ecumenical Temple
  8497 | D:7      | Reached skill level 1 in Ice Magic
  8561 | D:7      | Found an iron altar of Okawaru.
  8561 | D:7      | Found a hide-covered altar of Uskayaw.
  8892 | D:7      | Reached XP level 9. HP: 64/77 MP: 11/15
  9930 | D:8      | Noticed Maggie
  9946 | D:8      | Killed Maggie
 10308 | D:8      | Noticed Joseph
 10332 | D:8      | Killed Joseph
 11434 | D:8      | Reached XP level 10. HP: 74/86 MP: 12/16
 11765 | D:9      | Noticed a soul eater
 11769 | D:9      | Reached skill level 9 in Unarmed Combat
 12016 | D:8      | Gained mutation: You are somewhat unskilled. (-1 Apt) [Ru
                  | sacrifice]
 12016 | D:8      | Reduced skill Unarmed Combat to level 8
 12016 | D:8      | Reached ***** piety under Ru
 12046 | D:9      | Noticed a boulder beetle
 12102 | D:9      | Killed a boulder beetle
 12918 | D:9      | Found Webome's Changing Room.
 13136 | D:9      | Found Seepp's Book Emporium.
 13700 | D:9      | Bought a book of Alchemy for 308 gold pieces
 13705 | D:9      | Learned a level 4 spell: Petrify
 13726 | D:10     | Entered Level 10 of the Dungeon
 13726 | D:10     | Found a broken altar of Ashenzari.
 13789 | D:10     | Found an ornate altar of the Wu Jian Council.
 13811 | D:10     | Reached skill level 1 in Earth Magic
 14101 | D:10     | Noticed Urug
 14112 | D:10     | Killed Urug
 14113 | D:10     | Reached skill level 5 in Dodging
 14452 | D:10     | Reached XP level 11. HP: 92/92 MP: 13/17
 14656 | D:10     | Found a staircase to the Orcish Mines.
 14658 | D:10     | Reached skill level 9 in Unarmed Combat
 15014 | D:11     | Noticed a brown ugly thing
 15311 | D:11     | Noticed a boulder beetle
 15321 | D:11     | Gained mutation: You cannot study or cast Fire magic. [Ru
                  | sacrifice]
 15321 | D:11     | Gained mutation: You cannot study or cast Hexes magic. [Ru
                  | sacrifice]
 15321 | D:11     | Gained mutation: You cannot study or cast Conjurations
                  | magic. [Ru sacrifice]
 15321 | D:11     | Reached ****** piety under Ru
 15623 | D:11     | Noticed a death yak
 15623 | D:11     | Noticed a death yak
 15623 | D:11     | Found a staircase to the Lair.
 15628 | D:11     | Noticed a death yak
 15632 | D:10     | Killed a death yak
 15738 | D:10     | Killed a death yak
 15984 | D:10     | Killed a death yak
 16021 | D:11     | Killed a brown ugly thing
 16075 | D:11     | Identified the +7 trident "Murmur" {vamp, Int+5 Stlth+}
 16219 | D:11     | Noticed a red ugly thing
 16237 | D:11     | Killed a red ugly thing
 16238 | D:11     | Reached skill level 5 in Earth Magic
 16245 | D:11     | Killed a boulder beetle
 17316 | Lair:1   | Entered Level 1 of the Lair of Beasts
 17370 | Lair:1   | Reached XP level 12. HP: 93/104 MP: 13/18
 17785 | Lair:1   | Noticed Prince Ribbit
 17789 | Lair:1   | Killed Prince Ribbit
 17790 | Lair:1   | Reached skill level 10 in Unarmed Combat
 18462 | Lair:1   | Noticed an eight-headed hydra
 18473 | Lair:1   | Killed an eight-headed hydra
 18586 | Lair:1   | Reached skill level 10 in Transmutations
 19183 | D:9      | Bought the Incunabulum of Transformation for 330 gold
                  | pieces
 19352 | Lair:2   | Noticed a four-headed hydra
 19377 | Lair:2   | Killed a four-headed hydra
 20125 | Lair:3   | Found a frozen archway.
 20143 | IceCv    | Entered an ice cave
 21109 | IceCv    | Reached skill level 10 in Fighting
 21287 | IceCv    | Reached skill level 1 in Stealth
 21763 | IceCv    | Found an ancient bone altar of Kikubaaqudgha.
 22230 | IceCv    | Got Jijicoeme's Incunabulum of the Doomed Glacier
 22441 | Lair:3   | Reached XP level 13. HP: 78/113 MP: 16/19
 22799 | Lair:3   | Found a staircase to the Shoals.
 23302 | Lair:3   | Reached skill level 11 in Unarmed Combat
 24376 | Lair:4   | Found a gate leading to a gauntlet.
 24419 | Lair:4   | Found a hole to the Spider Nest.
 24474 | Gauntlet | Entered a Gauntlet
 24474 | Gauntlet | Found a transporter.
 24482 | Gauntlet | Found a transporter.
 24484 | Gauntlet | Found a transporter.
 24597 | Gauntlet | Found a transporter.
 24607 | Gauntlet | Found a transporter.
 24614 | Gauntlet | Found a transporter.
 24640 | Gauntlet | Found a transporter.
 24649 | Gauntlet | Found a transporter.
 24661 | Gauntlet | Found a transporter.
 24673 | Gauntlet | Found a transporter.
 24685 | Gauntlet | Found a transporter.
 24697 | Gauntlet | Found a transporter.
 24714 | Gauntlet | Found a transporter.
 24732 | Gauntlet | Found a transporter.
 24734 | Gauntlet | Found a transporter.
 24769 | Gauntlet | Found a transporter.
 24771 | Gauntlet | Found a transporter.
 24905 | Gauntlet | Found a transporter.
 24907 | Gauntlet | Identified the amulet of Wu Jian's Wrath {rF+ Regen+ Dex+2}
 25087 | Gauntlet | Identified the +0 hat "Cuess" {Rampage Int+4 Dex-4}
 25137 | Gauntlet | Identified the +5 crystal plate armour "Pisac" {*Slow rElec
                  | rF+ Str+4}
 25137 | Gauntlet | Identified the ring "Ruizusabb" {rF- rCorr Str+8 Int+6
                  | Slay-4}
 25137 | Gauntlet | Noticed a minotaur
 25186 | Gauntlet | Killed a minotaur
 26441 | Lair:5   | Reached skill level 5 in Stealth
 26441 | Lair:5   | Reached skill level 5 in Spellcasting
 26441 | Lair:5   | Reached XP level 14. HP: 107/118 MP: 6/21
 26668 | Lair:5   | Learned a level 6 spell: Statue Form
 26819 | Lair:5   | Noticed Jeban's ghost (journeyman OpFi)
 26854 | Lair:5   | Found a transporter.
 26912 | Lair:5   | Found a transporter.
 27148 | Lair:6   | Entered Level 6 of the Lair of Beasts
 27165 | Lair:6   | Reached skill level 12 in Unarmed Combat
 27611 | Lair:6   | Found a staircase to the Slime Pits.
 27713 | Lair:6   | Reached skill level 10 in Earth Magic
 27748 | Lair:6   | Identified the +8 great sword of Dusastukko {protect, rC+++
                  | Will+++ Str-4 Stlth-}
 27844 | Lair:5   | Identified the -2 cloak "Kodi Fam" {rPois rC- SInv}
 27851 | Lair:5   | Killed Jeban's ghost
 28192 | Lair:6   | Found a snail-covered altar of Cheibriados.
 28426 | Lair:6   | Reached skill level 13 in Unarmed Combat
 28765 | Lair:6   | Reached XP level 15. HP: 129/129 MP: 9/22
 28955 | D:12     | Identified the ring "Necull" {rN+ Str+5}
 28960 | D:12     | Identified the ring of Giafedd {+Blink Fly rF- Int-4 SInv}
 30156 | D:13     | Found a gate to the Vaults.
 30803 | Orc:1    | Entered Level 1 of the Orcish Mines
 30804 | Orc:1    | Noticed Erica
 30819 | Orc:1    | Killed Erica
 31476 | Orc:2    | Entered Level 2 of the Orcish Mines
 31490 | Orc:2    | Noticed Erolcha
 31491 | Orc:2    | Found Kaxeirup's Distillery.
 31496 | Orc:2    | Found a staircase to the Elven Halls.
 31503 | Orc:2    | Killed Erolcha
 31605 | Orc:2    | Noticed an orc warlord
 32009 | Orc:2    | Killed an orc warlord
 32160 | Orc:2    | Found Xamaig's Antique Armour Emporium.
 32160 | Orc:2    | Found Cahiagy's Antique Weapon Shoppe.
 32162 | Orc:2    | Found Roschecw's General Store.
 32162 | Orc:2    | Found Cagom's Jewellery Emporium.
 32468 | D:14     | Found Milaof's Book Shoppe.
 32635 | D:14     | Bought a book of Transfigurations for 520 gold pieces
 32645 | D:14     | Found the +8 Wrath of Trog {antimagic, *Rage Rampage}
 32967 | D:14     | Reached XP level 16. HP: 129/129 MP: 16/23
 33345 | D:14     | Reached skill level 14 in Unarmed Combat
 33455 | D:14     | Learned a level 7 spell: Dragon Form
 33700 | D:15     | Entered Level 15 of the Dungeon
 33787 | D:15     | Found a white marble altar of Elyvilon.
 33865 | D:15     | Found a runed translucent door.
 33969 | D:15     | Found a staircase to the Depths.
 34244 | D:15     | Gained mutation: You sometimes lose the ability to read
                  | scrolls when taking damage. [mutagenic glow]
 34448 | D:15     | Noticed Kefanin's ghost (adept GrEE)
 34449 | D:15     | Found a runed translucent gate.
 34449 | D:15     | Noticed a storm dragon
 34450 | D:15     | Found a runed translucent gate.
 34450 | D:15     | Found a runed translucent gate.
 34760 | D:15     | Killed a storm dragon
 34769 | D:15     | Killed Kefanin's ghost
 34898 | Lair:1   | Lost mutation: You sometimes lose the ability to read
                  | scrolls when taking damage. [potion of mutation]
 34898 | Lair:1   | Gained mutation: Your spells are a little harder to cast,
                  | but a little more powerful. [potion of mutation]
 34898 | Lair:1   | Gained mutation: Your system is resistant to poisons.
                  | (rPois) [potion of mutation]
 34965 | Spider:1 | Entered Level 1 of the Spider Nest
 37254 | Spider:3 | Identified the +5 hand axe of the Traitor {vorpal, *Slow
                  | rF+ rN+++ Str+5}
 37283 | Spider:3 | Reached XP level 17. HP: 144/144 MP: 21/26
 37461 | Spider:3 | Reached skill level 15 in Unarmed Combat
 38060 | Spider:4 | Entered Level 4 of the Spider Nest
 38774 | Spider:4 | Reached skill level 16 in Unarmed Combat
 39417 | Spider:4 | Got a gossamer rune of Zot
 39769 | Lair:1   | Lost mutation: Your system is resistant to poisons. (rPois)
                  | [potion of mutation]
 39769 | Lair:1   | Lost mutation: Your spells are a little harder to cast, but
                  | a little more powerful. [potion of mutation]
 39769 | Lair:1   | Gained mutation: You evolve. [potion of mutation]
 39817 | Shoals:1 | Entered Level 1 of the Shoals
 39846 | Shoals:1 | Learned a level 2 spell: Passwall
 39918 | Shoals:1 | You fall into a shaft and drop 1 floor!
 41057 | Shoals:2 | Noticed Frances
 41063 | Shoals:2 | Noticed Ilsuiw
 41067 | Shoals:2 | Killed from afar by Frances

Illustrated notes

Levels and vault maps discovered:
D:1:      scummos_arrival_hexagon, layout_loops_ring
D:2:      layout_basic, serial_shops, shop,
          hellmonk_ecumenical_altar_leap_of_faith,
          amcnicky_mini_rare_corridor_liquid, minmay_rat_gold_closets
D:3:      layout_basic, vehumet_crystals, mainiacjoe_overflow_catwalk,
          nicolae_ru_sacrificial_ziggurat, kennysheep_decorative_pillar,
          chequers_mini_garden, corexii_leaking_fountain,
          chequers_serial_rivers_room_b, grunt_decor_resistance,
          roderic_batcave, corexii_corridor_pit
D:4:      layout_basic
D:5:      layout_loops_corners, marbit_many_paths, minmay_misc_feat_encased
D:6:      layout_rooms, grunt_ministairs_11, nicolae_shop_gadgets
D:7:      layout_basic, chequers_temple_overflow_statue_of_worship,
          temple_fountains
D:8:      layout_basic, chequers_jeans, uniq_maggie, uniq_joseph
D:9:      layout_big_octagon, serial_gnoll_camp, gnoll_camp_mini_house,
          gnoll_camp_medium_02, gnoll_camp_huts_moat, gnoll_camp_mini_shop,
          gnoll_camp_mini_doghouse, nicolae_transmutations_shop
D:10:     layout_basic, mainiacjoe_overflow_large_starburst,
          kennysheep_orc_monster_closet_entryway, uniq_urug
D:11:     layout_loops_ring, dpeg_lair_monsters, chequers_serial_rivers_large_a
D:12:     layout_basic, blue_anna_alchemist
D:13:     minmay_stone_box, layout_loops_ring,
          hangedman_vaults_entry_quadrant_bands, kennysheep_donut
D:14:     layout_loops_ring, nrook_pool_corridor, serial_shops,
          nicolae_stop_n_shop_2, drop_trap, minmay_guarded_unrand_wrath_of_trog
D:15:     hangedman_depths_entry_civil_slaughter, layout_gridville,
          elyvilon_altar_4, gammafunk_ghost_split, drop_trap, minmay_crystal_box
Temple:   minmay_temple_curvy_branch
Lair:1:   layout_layer_cave, kennysheep_abandoned_house, lemuel_fruit_tree,
          serial_bayou_shore_b, uniq_prince_ribbit2
Lair:2:   layout_misc_corridors, grunt_megastairs_3, infiniplex_staircase_pool_2
Lair:3:   layout_cave_pods, minmay_shoals_entry_lonely_mermaid,
          portal_ice_cave_entry_pillars_2, lemuel_fruit_fields,
          grunt_megastairs_4, minmay_lair_oklob_chamber
Lair:4:   layout_misc_corridors, nicolae_spider_entry_orb_guardian,
          gauntlet_entry_generic, serial_bayou_shore_b
Lair:5:   layout_regular_city, gammafunk_ghost_berserking_beasts,
          bobbens_dragon_lair_wall
Lair:6:   minmay_lair_end_frog_pond, layout_cellular_growth, slime_dummy,
          lemuel_oklob_altar
Shoals:1: layout_shoals
Shoals:2: layout_shoals, uniq_ilsuiw, uniq_frances
Spider:1: layout_spider_delve
Spider:2: layout_spider_delve
Spider:3: layout_chambers, nicolae_spider_eight_legs
Spider:4: grunt_spider_rune_parallel, hangedman_spider_mandibles
Orc:1:    layout_caves, uniq_erica
Orc:2:    st_orc_congregation, layout_diamond_mine, serial_shops, shop,
          uniq_erolcha

Skill      XL: |  1  2  3  4  5  6  7  8  9 10 11 12 13 14 15 16 17 |
---------------+----------------------------------------------------+-----
Transmutations | 6 8 9 10 11 12 13 14 | 14.6
Fighting       | 5 6 7 7 9 10 11 12 | 12.9
Dodging        | 3 4 5 6 8 9 |  9.0
Unarmed Combat | 6 7 8 8 9 10 11 13 14 16 | 16.5
Spellcasting   | 3 4 4 5 6 |  6.0
Poison Magic   | 1 2 3 3 |  3.0
Ice Magic      | 2 4 4 |  4.0
Earth Magic    | 2 5 7 9 11 12 | 12.0
Stealth        | 2 5 6 7 |  7.0

Action                   |  1- 3 |  4- 6 |  7- 9 | 10-12 | 13-15 | 16-18 || total
-------------------------+-------+-------+-------+-------+-------+-------++-------
Melee: Unarmed           |    97 |   119 |   233 |   608 |   975 |   854 ||  2886
       Kick              |    20 |       |     2 |       |       |       ||    22
       Tailslap          |     8 |     1 |     1 |     2 |    87 |   104 ||   203
       Headbutt          |     9 |       |       |       |       |       ||     9
       Trident           |       |       |       |     6 |     1 |       ||     7
Throw: Dart              |       |       |       |       |     4 |       ||     4
 Cast: Beastly Appendage |    34 |       |     1 |       |       |       ||    35
       Spider Form       |       |    30 |    23 |     2 |     9 |       ||    64
       Ice Form          |       |       |    15 |    70 |    33 |       ||   118
       Petrify           |       |       |       |     3 |     4 |       ||     7
       Statue Form       |       |       |       |       |    64 |    87 ||   151
Invok: Sacrifice a Hand  |       |     1 |       |       |       |       ||     1
       Sacrifice Drink   |       |       |     1 |       |       |       ||     1
       Power Leap        |       |       |       |     6 |     5 |     2 ||    13
       Sacrifice Skill   |       |       |       |     1 |       |       ||     1
       Apocalypse        |       |       |       |     5 |     7 |     5 ||    17
       Sacrifice Arcana  |       |       |       |     1 |       |       ||     1
       Draw Out Power    |       |       |       |       |     2 |     2 ||     4
 Abil: End Transformatio |       |       |     1 |     1 |     6 |       ||     8
Evoke: Wand              |       |       |       |     2 |       |     1 ||     3
  Use: Scroll            |     5 |     5 |     3 |    11 |    12 |     4 ||    40
       Potion            |     1 |       |       |     2 |       |     2 ||     5
 Stab: Sleeping          |     7 |     2 |       |       |     1 |     3 ||    13
       Invisible         |       |       |     6 |     6 |    13 |     9 ||    34
       Paralysed         |       |       |     2 |    18 |    15 |    13 ||    48
       Distracted        |       |       |     1 |     4 |    14 |    10 ||    29
       Petrified         |       |       |       |    10 |    12 |       ||    22
       Petrifying        |       |       |       |       |     2 |       ||     2
Armor: Skin              |    30 |     8 |    34 |   151 |   631 |   881 ||  1735
Dodge: Dodged            |    52 |   116 |   205 |   316 |   765 |   961 ||  2415
